AoeStats
← |GaoeG| flamingo

Enclosed

504206056Analyzed
1v1 RM · 27d ago on Sep 4, 2026· 32m 17s· 2 players
Game mode
Random Map
Map size
Tiny (2 player)
Population
200
Speed
Normal
Resources
Standard
Victory
Conquest
Starting age
Dark Age
Ending age
Imperial Age
RankedLock teamsTeams togetherTeam positionsShared explorationLock speedFull tech treeHidden civsTurbo modeCheats
Victory
Defeat
🇦🇷 Tupi · Argentina
1380
+16
🇪🇸 Mongols · Spain
1384
-16
Aler
6:33 Loom
6:38 Loom
10:10 Feudal Age
14:22 Castle Age
13:52 Fletching
17:53 Double-Bit Axe
21:31 Bodkin Arrow
22:37 Bow Saw
23:35 Padded Archer Armor
|GaoeG| flamingo
6:14 Loom
8:16 Feudal Age
9:21 Double-Bit Axe
9:42 Horse Collar
20:24 Castle Age
Connection lost

Rejoining the realm…

Still unreachable

The connection could not be restored.

Session expired

The server has moved on; the page needs a fresh start.